AoeStats
← bumbsbomba74

Nomad

509116184Analyzed
4v4 RM · 7d ago on Sep 25, 2026· 22m 58s· 8 players
Game mode
Random Map
Map size
231×231
Population
200
Speed
Normal
Resources
Standard
Victory
Conquest
Starting age
Dark Age
Ending age
Imperial Age
RankedLock teamsTeams togetherTeam positionsShared explorationLock speedFull tech treeHidden civsTurbo modeCheats
Victory
Defeat
🇫🇮 Gurjaras · Finland
1092
+16
🇨🇱 Vikings · Chile
1077
+17
🇪🇸 Byzantines · Spain
1069
+17
🇩🇪 Celts · Germany
1062
+17
🇩🇪 Tatars · Germany
1208
-20
🇹🇼 Berbers · Taiwan
1111
-18
🇨🇳 Franks · China
1047
-15
🇩🇪 Bulgarians · Germany
1016
-14
Siggi_Team
6:22 Loom
6:43 Loom
13:32 Feudal Age
14:00 Town Watch
14:44 Double-Bit Axe
14:37 Man-at-Arms
16:10 Horse Collar
18:17 Wheelbarrow
ronald.lama6
14:39 Feudal Age
15:38 Double-Bit Axe
19:26 Castle Age
19:18 Wheelbarrow
18:59 Forging
19:00 Gold Mining
19:44 Loom
21:05 Iron Casting
Coprocola
4:56 Loom
15:04 Feudal Age
15:38 Double-Bit Axe
17:14 Wheelbarrow
20:26 Castle Age
20:49 Scale Barding Armor
20:57 Forging
Ku To Nhu Phich
5:54 Loom
14:34 Feudal Age
17:08 Double-Bit Axe
17:18 Gold Mining
20:06 Castle Age
18:03 Horse Collar
18:35 Fletching
19:29 Padded Archer Armor
19:55 Scale Mail Armor
20:57 Bodkin Arrow
22:16 Leather Archer Armor
bumbsbomba74
11:15 Loom
13:27 Feudal Age
17:11 Castle Age
15:22 Fishing Lines
21:18 Horse Collar
Tada
6:24 Loom
14:21 Feudal Age
20:08 Castle Age
19:32 Town Watch
jasonpanex
5:35 Loom
15:51 Feudal Age
16:17 Fishing Lines
17:41 Gold Mining
18:37 Double-Bit Axe
随风
5:41 Loom
16:31 Feudal Age
17:09 Double-Bit Axe
18:02 Stone Mining
21:45 Castle Age
20:49 Gold Mining
Connection lost

Rejoining the realm…

Still unreachable

The connection could not be restored.

Session expired

The server has moved on; the page needs a fresh start.